 Dungeon Crawl Stone Soup version 0.30.1-11-g7821555f0a (webtiles) character file.

Game seed: 7082818163804062920

46 bnorton916 the Firebug (level 3, -3/19 HPs)
             Began as a Deep Elf Fire Elementalist on Dec 2, 2023.
             Slain by Sigmund
             ... wielding a +1 vampiric scythe
              (6 damage)
             ... on level 2 of the Dungeon.
             The game lasted 00:02:05 (2762 turns).

bnorton916 the Firebug (Deep Elf Fire Elementalist) Turns: 2762, Time: 00:02:05

Health: -3/19      AC:  2    Str:  5    XL:     3   Next: 44%
Magic:  5/10       EV: 12    Int: 21    God:
Gold:   121        SH:  0    Dex: 15    Spells: 6/9 levels left

rFire   . . .        (no weapon)
rCold   . . .        (no shield)
rNeg    . . .        a - +0 robe
rPois   +            (no helmet)
rElec   .            (no cloak)
rCorr   .            (no gloves)
SInv    +            (no boots)
Will    .....        (no amulet)
Stlth   +            c - ring of poison resistance
HPRegen 0.23/turn    k - ring of see invisible
MPRegen 0.12/turn

%: no passive effects
@: confused, brilliant
A: no striking features
a: no special abilities


You were on level 2 of the Dungeon.
You visited 1 branch of the dungeon, and saw 2 of its levels.

You collected 121 gold pieces.

Inventory:

Armour
 a - a +0 robe (worn)
Jewellery
 c - a ring of poison resistance (left hand)
 k - a ring of see invisible (right hand)
 n - a +6 ring of intelligence
Wands
 m - a wand of mindburst (10)
Scrolls
 d - a scroll of enchant weapon {unknown}
 e - 3 scrolls of identify {unknown}
 g - a scroll of fear {unknown}
 i - 2 scrolls of blinking {unknown}
 l - a scroll of torment {unknown}
 o - a scroll of enchant armour {unknown}
Potions
 b - 2 potions of magic
 h - a potion of degeneration {unknown}
 j - a potion of attraction {unknown}


   Skills:
 - Level 2.4 Dodging
 - Level 2.4 Stealth
 + Level 3.9 Spellcasting
 + Level 2.2 Conjurations
 + Level 4.0 Fire Magic


You had 6 spell levels left.
You knew the following spells:

 Your Spells              Type           Power      Damage    Failure   Level
a - Foxfire               Conj/Fire      100%       2x1d9     3%          1
b - Scorch                Fire           62%        2d8       3%          2

Your spell library contained the following spells:

 Spells                   Type           Power      Damage    Failure   Level
 Kiss of Death            Conj/Necr      52%        2d9       8%          1
 Inner Flame              Hex/Fire       18%        N/A       16%         3
 Volatile Blastmotes      Fire/Tloc      36%        2d13      16%         3
 Flame Wave               Conj/Fire      25%        2d8       32%         4
 Confusing Touch          Hex            6%         N/A       36%         3
 Dispel Undead            Necr           6%         3d8       77%         4


Dungeon Overview and Level Annotations

Branches:
Dungeon (2/15)

Altars:

Shops:
D:1 :   D:2 (

Annotations:
D:2 Sigmund


Message History

Okay, then.
Okay, then.
Sigmund shouts!
Sigmund points at you and mumbles some strange words.
You resist with some effort.
Casting: Scorch (safe; 3% risk of failure)
Confirm with . or Enter, or press ? or * to list all spells.
You conjure some foxfire!
The foxfire hits Sigmund but does no damage.
Casting: Foxfire (safe; 3% risk of failure)
Confirm with . or Enter, or press ? or * to list all spells.
You conjure some foxfire!
The foxfire hits Sigmund.
Sigmund is lightly wounded.
The foxfire hits Sigmund.
Sigmund is lightly wounded.
Sigmund hits you from afar with a +1 vampiric scythe.
Casting: Foxfire (safe; 3% risk of failure)
Confirm with . or Enter, or press ? or * to list all spells.
Flames lash Sigmund.
Sigmund is moderately wounded.
Sigmund's fire resistance burns away.
Sigmund gestures at you while chanting. The magic dart hits you!
Unknown command.
Casting: Scorch (safe; 3% risk of failure)
Confirm with . or Enter, or press ? or * to list all spells.
Flames lash Sigmund.
Sigmund is burned terribly!
Sigmund is severely wounded.
Sigmund points at you and mumbles some strange words.
You are confused.
Sigmund points at you and mumbles some strange words.
The magic dart hits you!
* * * LOW HITPOINT WARNING * * *
Unknown command.
You're too confused to cast spells.
It was a potion of brilliance.
You feel clever all of a sudden.
Sigmund hits you from afar with a +1 vampiric scythe.
You die...

#....### #.......
###.#### # # #.# #.
.# ##'## #.###.
##...## #...##
##.....## #.#.##
##.......#
##@.@.####.........
##.#......+.........
##.###..####>........
##.## ##.##
##........ #.## ##.#
##.....#. ##.## ##.##
##...##. ##.###.##
##'###. ##.#.## #.#
## ##.## #.#


You could see Sigmund (combustible).

Vanquished Creatures
  An adder (D:2)
  A worm (D:2)
  A dart slug (D:1)
  4 ball pythons
  An endoplasm (D:1)
  2 giant cockroaches
  4 hobgoblins (D:1)
  4 jackals (D:1)
  A quokka (D:1)
  3 bats
  3 frilled lizards (D:1)
  3 kobolds (D:1)
  3 rats (D:1)
31 creatures vanquished.

Vanquished Creatures (collateral kills)
  2 foxfires (D:1)
2 creatures vanquished.

Vanquished Creatures (others)
  135 foxfires
135 creatures vanquished.

Grand Total: 168 creatures vanquished

Notes
Turn   | Place    | Note
-------+----------+-------------------------------------------
     0 | D:1      | bnorton916 the Deep Elf Fire Elementalist began the quest
                  | for the Orb.
     0 | D:1      | Reached XP level 1. HP: 10/10 MP: 6/6
   568 | D:1      | Found a faded altar of an unknown god.
   574 | D:1      | Reached XP level 2. HP: 15/15 MP: 4/8
   777 | D:1      | Found Jusyukha's Book Shop.
   845 | D:1      | Learned a level 2 spell: Scorch
  1497 | D:1      | Reached XP level 3. HP: 19/19 MP: 8/10
  1961 | D:2      | Found Gaumeah's Antique Weapon Boutique.
  2590 | D:2      | Reached skill level 4 in Fire Magic
  2733 | D:2      | Noticed Sigmund
  2762 | D:2      | Slain by Sigmund

Illustrated notes

Levels and vault maps discovered:
D:1:      spicycebolla_green_bress_n_ham, layout_basic, serial_shops,
          nicolae_shop_temple_entry_statues_fountains,
          hellmonk_ecumenical_altar_lost_god
D:2:      layout_loops_corners, serial_shops, nicolae_shop_tiny_statue_garden,
          hangedman_glass_teeth, uniq_sigmund

Skill      XL: |  1  2  3 |
---------------+----------+-----
Conjurations   | 2 |  2.2
Fire Magic     | 4 |  4.0
Dodging        | |  2.4
Stealth        | |  2.4
Spellcasting   | |  3.9

Action                     || total
---------------------------++-------
   Cast: Foxfire           ||    91
         Scorch            ||     5
    Use: Potion            ||     1
 Armour: Robe              ||     3
  Dodge: Dodged            ||    14
